 Dungeon Crawl Stone Soup version 0.14.0-25-g43f8a4e (webtiles) character file.

4521 Heini the Cleaver (level 10, -4/91 HPs)
             Began as a Hill Orc Fighter on Apr 24, 2014.
             Was a Believer of Okawaru.
             Slain by Joseph
             ... wielding a +3,+4 quarterstaff of draining
              (11 damage)
             ... on Level 8 of the Dungeon.
             The game lasted 00:28:08 (8060 turns).

Heini the Cleaver (Hill Orc Fighter)                Turns: 8060, Time: 00:28:08

HP  -4/91        AC 17     Str 23      XL: 10   Next: 25%
MP  11/11        EV  5     Int  8      God: Okawaru [**....]
Gold 463         SH 16     Dex 10      Spells:  0 memorised,  9 levels left

rFire  . . .     SeeInvis .     a - +1,-1 war axe
rCold  . . .     Clarity  .     J - +2 chain mail
rNeg   + . .     Conserve .     c - +0 shield
rPois  .         rCorr    .     o - +0 hat
rElec  .         rRot     .     G - +2 cloak {+Inv}
SustAb . .       Spirit   .     k - +0 pair of gloves
rMut   .         Warding  +     (no boots)
Saprov + . .     Stasis   .     f - amulet of warding
MR     .....                    (no ring)
                                (no ring)

@: heavily drained, not resistant to hostile enchantments, extremely unstealthy
A: saprovore 1
a: Heroism, Renounce Religion, Evoke Invisibility


You were on level 8 of the Dungeon.
You worshipped Okawaru.
Okawaru was pleased with you.
You were not hungry.

You visited 2 branches of the dungeon, and saw 9 of its levels.

You collected 463 gold pieces.

Inventory:

Hand weapons
 a - a +1,-1 war axe (weapon)
Armour
 b - a +0 scale mail
 c - a +0 shield (worn)
 k - a +0 pair of gloves (worn)
 o - a +0 hat (worn)
 G - a +2 cloak of darkness (worn)
 J - a +2 chain mail (worn)
Magical devices
 y - a wand of slowing (9)
 H - a wand of frost (15) {unknown}
 K - a wand of cold (7) {unknown}
 M - a wand of slowing (13)
 N - a wand of digging (14) {unknown}
 T - a wand of slowing (18)
Comestibles
 d - 5 meat rations
 w - an orange
 A - 3 bread rations
 D - 2 chokos
 I - 7 grapes
 X - a chunk of worm flesh
Scrolls
 e - 3 scrolls of identify
 h - 2 scrolls of immolation {unknown}
 i - 5 scrolls of remove curse
 l - 2 scrolls of amnesia {unknown}
 n - 4 scrolls of enchant armour {unknown}
 q - 3 scrolls of random uselessness {unknown}
 s - 2 scrolls of enchant weapon II {unknown}
 t - 2 scrolls of teleportation {unknown}
 v - a scroll of recharging {unknown}
 x - a scroll of magic mapping
 C - a scroll of fear {unknown}
 O - a scroll of enchant weapon I
 V - a scroll of fog
Jewellery
 f - an amulet of warding (around neck)
 p - an uncursed amulet of stasis
 L - an uncursed ring of flight {unknown}
 P - an uncursed ring of magical power {unknown}
 S - a cursed -4 ring of dexterity {unknown}
Potions
 g - 2 potions of curing
 m - 3 potions of heal wounds
 r - a potion of paralysis {unknown}
 u - a potion of mutation {unknown}
 B - a potion of brilliance {unknown}
 E - 3 potions of invisibility {unknown}
 F - a potion of poison {unknown}
 Q - a potion of beneficial mutation {unknown}
 R - a potion of restore abilities {unknown}
Books
 j - a book of Beasts

   Spells                             Type                      Level
   Summon Butterflies                 Summoning                    1
   Call Canine Familiar               Summoning                    3
   Summon Ice Beast                   Ice/Summoning                4
   Summon Mana Viper                  Hexes/Summoning              5
   Monstrous Menagerie                Summoning                    6
   Summon Hydra                       Summoning                    7
 z - a Grand Grimoire {highlevel, unknown}

   This book is beyond your current level of understanding.

   Spells                             Type                      Level
   Aura of Abjuration                 Summoning                    6
   Forceful Dismissal                 Summoning                    6
   Haunt                              Necromancy/Summoning         7
   Summon Greater Demon               Summoning                    7
   Malign Gateway                     Summoning/Translocation      7
   Summon Horrible Things             Summoning                    8
 U - a book of Minor Magic

   Spells                             Type                      Level
   Magic Dart                         Conjuration                  1
   Blink                              Translocation                2
   Call Imp                           Summoning                    2
   Repel Missiles                     Charms/Air                   2
   Slow                               Hexes                        2
   Conjure Flame                      Conjuration/Fire             3
   Mephitic Cloud                     Conjuration/Poison/Air       3


   Skills:
 * Level 9.5(6.7) Fighting
 * Level 12.1(9.1) Axes
 * Level 9.6(6.8) Armour
 - Level 3.5(1.1) Shields
 + Level 0.6(0.0) Invocations


You had 9 spell levels left.
You didn't know any spells.

Dungeon Overview and Level Annotations

Branches:
Dungeon (8/15)             Temple (1/1) D:7
   Lair: D:8-11

Altars:
Ashenzari
Cheibriados
Dithmenos
Elyvilon
Fedhas
Kikubaaqudgha
Makhleb
Nemelex Xobeh
Okawaru
Sif Muna
Vehumet
Xom
Yredelemnul
Zin
The Shining One

Shops:
D:7 %

Annotations:
D:2 Sigmund
D:8 Joseph


Innate Abilities, Weirdness & Mutations

You can tolerate rotten meat.


Message History

* * * LOW HITPOINT WARNING * * *
You slash Joseph!
Joseph is severely wounded.
Joseph hits you with an uncursed quarterstaff of draining!
* * * LOW HITPOINT WARNING * * *
You partially resist.
You feel drained.
* * * LOW HITPOINT WARNING * * *
You hit Joseph.
Joseph is almost dead.
Joseph hits you but does no damage. You partially resist.
You feel drained.
You closely miss Joseph.
Joseph is almost dead.
You block Joseph's attack.
You closely miss Joseph.
Joseph is almost dead.
Joseph hits you but does no damage. You partially resist.
You feel drained.
You completely miss Joseph.
Joseph is almost dead.
Joseph hits you with an uncursed quarterstaff of draining!
You die...

#. . #. ##.###
#..>.# #....#
########+ #....#
#........ #....###
#..(.....
#......####.........
>.
#....#(..('@@...?...
+..
#....######.........
.. #....# #.?......
. #.<..# #########
####.### . ## #....#
####.. ###.
##'######## #...
#(.. #.........#
###.## #####...
#.........#
####....###...'...


You could see Joseph.

Vanquished Creatures
  A hill giant (D:7)
  Grinder (D:3)
  The ghost of Heini the Chopper, an average HOFi (D:4)
  2 hungry ghosts (D:8)
  Edmund (D:7)
  An orc warrior (D:7)
  A water moccasin (D:8)
  7 ogres
  2 phantoms
  3 centaurs
  A sky beast (D:7)
  A crocodile (D:5)
  A jelly (D:6)
  3 scorpions
  7 wights
  3 crimson imps
  A goliath beetle (D:8)
  6 hounds
  An orc priest (D:7)
  Crazy Yiuf (D:4)
  2 iguanas
  A centaur skeleton (D:4)
  2 giant frog skeletons
  An orc wizard (D:6)
  4 worker ants
  4 gnolls (D:4)
  14 adders
  A giant mite (D:6)
  An inept item mimic (D:6)
  4 worms
  An adder skeleton (D:6)
  An iguana skeleton (D:5)
  4 giant eyeballs
  6 giant geckos
  2 oozes
  5 orcs
  3 ball pythons
  7 bats
  3 giant cockroaches
  16 hobgoblins
  11 jackals
  5 kobolds
  4 giant newts
  14 goblins
  2 kobold skeletons
  An orc skeleton (D:4)
  3 quokkas
  15 rats
  A rat skeleton (D:7)
183 creatures vanquished.

Notes
Turn   | Place    | Note
--------------------------------------------------------------
     0 | D:1      | Heini, the Hill Orc Fighter, began the quest for the Orb.
     0 | D:1      | Reached XP level 1. HP: 19/19 MP: 1/1
   199 | D:1      | Reached XP level 2. HP: 24/27 MP: 2/2
   205 | D:1      | Reached skill level 4 in Fighting
   900 | D:1      | Reached XP level 3. HP: 33/33 MP: 3/3
  1139 | D:2      | Reached XP level 4. HP: 38/41 MP: 4/4
  1669 | D:2      | Noticed Sigmund
  1856 | D:3      | Noticed Grinder
  1880 | D:3      | Killed Grinder
  1880 | D:3      | Reached skill level 5 in Fighting
  1880 | D:3      | Reached skill level 5 in Axes
  1880 | D:3      | Reached skill level 5 in Armour
  1880 | D:3      | Reached XP level 5. HP: 21/48 MP: 5/5
  1880 | D:3      | Reached XP level 6. HP: 24/56 MP: 6/6
  2077 | D:3      | Noticed a phantom
  2110 | D:3      | Killed a phantom
  2164 | D:3      | Found an iron altar of Okawaru.
  2168 | D:3      | Became a worshipper of Warmaster Okawaru
  2227 | D:3      | Reached XP level 7. HP: 58/61 MP: 7/7
  2610 | D:4      | Reached skill level 6 in Armour
  2709 | D:4      | Noticed Heini's ghost (average HOFi)
  2950 | D:4      | Found a shattered altar of Ashenzari.
  3240 | D:4      | Killed Heini's ghost
  3240 | D:4      | Reached skill level 7 in Axes
  3415 | D:4      | Reached XP level 8. HP: 58/70 MP: 8/8
  3475 | D:4      | Acquired Okawaru's first power
  3492 | D:4      | Found an ancient bone altar of Kikubaaqudgha.
  3493 | D:4      | Found a blossoming altar of Fedhas.
  3632 | D:4      | Paralysed by a giant eyeball for 2 turns
  3784 | D:4      | Noticed Crazy Yiuf
  3790 | D:4      | Killed Crazy Yiuf
  3835 | D:5      | Entered Level 5 of the Dungeon
  3890 | D:5      | Reached skill level 8 in Axes
  4454 | D:5      | Found a white marble altar of Elyvilon.
  4486 | D:5      | Reached skill level 9 in Axes
  4844 | D:5      | Found a glowing golden altar of the Shining One.
  5054 | D:6      | Reached XP level 9. HP: 53/79 MP: 9/9
  5235 | D:6      | Reached skill level 10 in Axes
  5662 | D:6      | Paralysed by a giant eyeball for 4 turns
  6660 | D:7      | Noticed a hill giant
  6700 | D:7      | Killed a hill giant
  6700 | D:7      | Reached skill level 11 in Axes
  6850 | D:7      | Noticed Edmund
  6892 | D:7      | Killed Edmund
  6894 | D:7      | Found Disocret's Food Emporium.
  6962 | D:7      | Found a staircase to the Ecumenical Temple.
  6987 | Temple   | Entered the Ecumenical Temple
  7250 | D:7      | Found a sparkling altar of Nemelex Xobeh.
  7282 | D:7      | Reached XP level 10. HP: 59/91 MP: 10/10
  7761 | D:8      | Reached skill level 12 in Axes
  8034 | D:8      | Noticed Joseph
  8060 | D:8      | Slain by Joseph

Action                   |  1- 3 |  4- 6 |  7- 9 | 10-12 || total
-------------------------+-------+-------+-------+-------++-------
Melee: War axe           |    92 |   130 |   497 |   147 ||   866
Invok: Heroism           |       |       |     1 |       ||     1
  Use: Scroll            |       |     4 |     4 |       ||     8
       Potion            |       |       |     5 |       ||     5
